 Dungeon Crawl Stone Soup version 0.29.1-15-g9cfb28693d (webtiles) character file.

Game seed: 2267664261676173176

83 cdecastro the Chopper (level 4, 0/37 HPs)
             Began as a Palentonga Fighter on Apr 6, 2023.
             Slain by an adder (3 damage)
             ... on level 3 of the Dungeon.
             The game lasted 00:03:51 (1724 turns).

cdecastro the Chopper (Palentonga Fighter)          Turns: 1724, Time: 00:03:51

Health: 0/37       AC:  7    Str: 24    XL:     4   Next: 22%
Magic:  4/4        EV:  7    Int:  8    God:
Gold:   119        SH:  0    Dex:  9    Spells: 3/3 levels left

rFire   . . .      SeeInvis +   a - +0 war axe
rCold   . . .      Faith    .   (no shield)
rNeg    . . .      Spirit   .   b - +0 scale mail
rPois   .          Reflect  .   o - +0 helmet
rElec   .          Harm     .   (no cloak)
rCorr   .          Rampage  .   (no gloves)
Will    .....                   (no barding)
Stlth   ..........              (no amulet)
HPRegen 0.12/turn               (no ring)
MPRegen 0.09/turn               (no ring)

@: no status effects
A: large, rugged brown scales 3, see invisible, deformed body, roll 1, armoured
tail
a: Rolling Charge


You were on level 3 of the Dungeon.
You visited 1 branch of the dungeon, and saw 3 of its levels.

You collected 119 gold pieces.

Inventory:

Hand Weapons
 a - a +0 war axe (weapon)
Armour
 b - a +0 scale mail (worn)
 c - a +0 buckler
 o - a +0 helmet (worn)
Jewellery
 l - a ring of magical power
Scrolls
 f - a scroll of blinking {unknown}
 j - 2 scrolls of teleportation {unknown}
 k - a scroll of magic mapping {unknown}
 m - 3 scrolls of identify {unknown}
 p - a scroll of immolation {unknown}
 r - a scroll of noise {unknown}
Potions
 d - 2 potions of might
 e - a potion of ambrosia {unknown}
 g - a potion of cancellation {unknown}
 h - 2 potions of curing {unknown}
 i - 3 potions of haste {unknown}
 n - a potion of brilliance {unknown}
 q - a potion of lignification {unknown}


   Skills:
 - Level 3.0 Fighting
 + Level 4.5 Axes
 - Level 2.4 Armour
 - Level 2.6 Shields


You had 3 spell levels left.
You didn't know any spells.
Your spell library was empty.

Dungeon Overview and Level Annotations

Branches:
Dungeon (3/15)

Altars:

Shops:
D:1 :=


Innate Abilities, Weirdness & Mutations

You are completely covered in rugged brown scales. (AC +3, +7% HP)
You have supernaturally acute eyesight. (SInv)
Armour fits poorly on your strangely shaped body.
You can roll at nearby foes to attack.
You have a long armoured tail.


Message History

The jackal barks!
The adder barely misses you. x2
An orc comes into view.
It is wielding a +1 dagger of protection.
You hit the adder.
Your tail-slap misses the adder.
The adder is heavily wounded.
The adder barely misses you. The adder bites you.
You closely miss the adder.
The adder is heavily wounded.
The adder bites you but does no damage.
You barely miss the adder.
The adder is heavily wounded.
The adder bites you.
* * * LOW HITPOINT WARNING * * *
The orc priest begins to cast a cantrip, but forgets the words!
The adder barely misses you.
You barely miss the adder.
The adder is moderately wounded.
The orc priest mumbles some strange prayers to Beogh against you.
Beogh smites you!
* * * LOW HITPOINT WARNING * * *
The adder bites you.
* * * LOW HITPOINT WARNING * * *
You closely miss the adder.
The adder is moderately wounded.
The adder barely misses you. The adder completely misses you.
You barely miss the adder.
Your tail-slap misses the adder.
The adder is moderately wounded.
The adder bites you but does no damage. The adder barely misses you.
You hit the adder.
The adder is heavily wounded.
The adder bites you but does no damage.
You hit the adder.
Your tail-slap misses the adder.
The adder is almost dead.
The adder bites you.
* * * LOW HITPOINT WARNING * * *
The adder barely misses you.
You barely miss the adder.
Your tail-slap misses the adder.
The adder is almost dead.
The adder bites you.
You die...

... .#. #.# ...
...#### #.# ....
.....# #.#
.....<.##.# #.#
..o#S##.# #.# .
ho.##.# #.# ...
#o##.####.####
..$.o##rS@.........#
#...hgw######.###.#
#.#.#h##.....## #.#
#..# #.##.†# #.#
...# ###.#.## #.#
#?.. ##.....# #.#
##.######.###..# #.#
#........####..###.#
.(.................#


You could see a worm, an orc wizard (invisible), an adder, 2 orcs, 3 jackals, a
hobgoblin and a rat.

Vanquished Creatures
  3 adders
  A worm (D:2)
  2 orcs (D:3)
  6 endoplasms
  2 giant cockroaches
  8 goblins
  6 hobgoblins
  2 jackals (D:1)
  A quokka (D:1)
  4 ball pythons
  3 bats
  5 kobolds
  4 rats
47 creatures vanquished.

Notes
Turn   | Place    | Note
-------+----------+-------------------------------------------
     0 | D:1      | cdecastro the Palentonga Fighter began the quest for the
                  | Orb.
     0 | D:1      | Reached XP level 1. HP: 19/19 MP: 1/1
    81 | D:1      | Found Iplutsy's Jewellery Boutique.
   117 | D:1      | Found a faded altar of an unknown god.
   309 | D:1      | Reached XP level 2. HP: 21/25 MP: 2/2
   556 | D:1      | Found Tyireydd's Book Shoppe.
   572 | D:1      | Reached skill level 3 in Axes
  1018 | D:2      | Reached XP level 3. HP: 31/31 MP: 3/3
  1162 | D:2      | Reached skill level 4 in Axes
  1529 | D:3      | Reached XP level 4. HP: 24/37 MP: 4/4
  1724 | D:3      | Slain by an adder

Illustrated notes

Levels and vault maps discovered:
D:1:      roderic_dead_forest, layout_basic, serial_shops, nicolae_shop_crystal,
          nicolae_shop_stone, dreamdust_ecumenical_altar_angels_and_demons
D:2:      layout_rooms, kennysheep_nondescript
D:3:      layout_loops_ring, minmay_cut_off

Skill      XL: |  1  2  3 |
---------------+----------+-----
Axes           | 3 4 |  4.5
Fighting       | |  3.0
Armour         | |  2.4
Shields        | |  2.6

Action                   |  1- 3 |  4- 6 || total
-------------------------+-------+-------++-------
Melee: War axe           |    87 |    26 ||   113
       Tailslap          |    13 |     2 ||    15
 Abil: Rolling Charge    |    23 |     3 ||    26
Armor: Scale mail        |    49 |    19 ||    68
Dodge: Dodged            |    18 |    12 ||    30
